TOP OF THE 1ST |
Rutgers Scarlet Knights batting - Pitching for Florida State Seminoles : RHP Roger Oliver
|
Pitching: RHP Roger Oliver
|
|
Batting: LHB Dave Watkins
|
0-0: Ball 1-0: Ball 2-0: DOUBLE (Flyball, 8LD)
|
Batting: RHB Joe Roberts
|
0-0: Ball 1-0: Ball 2-0: Ball 3-0: Base on Balls
|
Batting: SHB Woody Stanley
|
0-0: Called Strike 0-1: Swinging Strike 0-2: Foul Ball, location: 2F 0-2: Ball 1-2: Grounds into double play, 6-4-3 (Groundball, 6) Dave Watkins to third
|
Batting: LHB Carlos Hernández
|
0-0: Called Strike 0-1: Swinging Strike 0-2: Foul Ball, location: 2F 0-2: Ball 1-2: Ball 2-2: SINGLE (Flyball, 7LS) Dave Watkins scores
|
Batting: RHB Chris Barker
|
0-0: Ball 1-0: Ball 2-0: Called Strike 2-1: Ball 3-1: Called Strike 3-2: SINGLE (Line Drive, 4M) Carlos Hernández to second Carlos Hernández to third
|
Batting: RHB Jesús León
|
0-0: Called Strike 0-1: Called Strike 0-2: Strikes out swinging
|
Top of the 1st over - 1 run(s), 3 hit(s), 0 error(s), 2 left on base; Rutgers 1 - Florida State 0 |
BOTTOM OF THE 1ST |
Florida State Seminoles batting - Pitching for Rutgers Scarlet Knights : LHP Gary Fox
|
Pitching: LHP Gary Fox
|
|
Batting: RHB Lorenzo Cintrón
|
0-0: Called Strike 0-1: Ball 1-1: Called Strike 1-2: Foul Ball, location: 2F 1-2: Strikes out swinging
|
Batting: RHB Quentin Underwood
|
0-0: Ball 1-0: Fly out, F4 (Popup, 34)
|
Batting: RHB Aaron Duncan
|
0-0: Ball 1-0: Foul Ball, location: 2F 1-1: Foul Ball, location: 2F 1-2: Ball 2-2: Ground out 5-3 (Groundball, 56)
|
Bottom of the 1st over - 0 run(s), 0 hit(s), 0 error(s), 0 left on base; Rutgers 1 - Florida State 0 |
TOP OF THE 2ND |
Rutgers Scarlet Knights batting - Pitching for Florida State Seminoles : RHP Roger Oliver
|
Batting: RHB Norm Gunn
|
0-0: SOLO HOME RUN (Flyball, 78D), Distance : 385 ft
|
Batting: RHB Eric Green
|
0-0: Ball 1-0: Called Strike 1-1: Swinging Strike 1-2: Ground out 5-3 (Groundball, 56S)
|
Batting: LHB Ryan Washington
|
0-0: Ball 1-0: Swinging Strike 1-1: Ball 2-1: DOUBLE (Flyball, 78M)
|
Batting: LHB Dave Watkins
|
0-0: Called Strike 0-1: Fly out, F4 (Popup, 4)
|
Batting: RHB Joe Roberts
|
0-0: Ball 1-0: Called Strike 1-1: Foul Ball, location: 2F 1-2: Ball 2-2: Ground out 1-3 (Groundball, 15S)
|
Top of the 2nd over - 1 run(s), 2 hit(s), 0 error(s), 1 left on base; Rutgers 2 - Florida State 0 |
BOTTOM OF THE 2ND |
Florida State Seminoles batting - Pitching for Rutgers Scarlet Knights : LHP Gary Fox
|
Batting: LHB Paul Cotton
|
0-0: Foul Ball, location: 2F 0-1: Fly out, F8 (Flyball, 8RM)
|
Batting: RHB John Newman
|
0-0: Called Strike 0-1: Foul Ball, location: 2F 0-2: Strikes out looking
|
Batting: RHB José Sosa
|
0-0: Swinging Strike 0-1: Ball 1-1: Called Strike 1-2: Strikes out swinging
|
Bottom of the 2nd over - 0 run(s), 0 hit(s), 0 error(s), 0 left on base; Rutgers 2 - Florida State 0 |
TOP OF THE 3RD |
Rutgers Scarlet Knights batting - Pitching for Florida State Seminoles : RHP Roger Oliver
|
Batting: SHB Woody Stanley
|
0-0: Foul Ball, location: 2F 0-1: Ball 1-1: Ball 2-1: Foul Ball, location: 2F 2-2: Ball 3-2: Foul Ball, location: 2F 3-2: DOUBLE (Flyball, 89D)
|
Batting: LHB Carlos Hernández
|
0-0: Foul Ball, location: 2F 0-1: Ball 1-1: SINGLE (Line Drive, 4MD) Woody Stanley to third
|
Batting: RHB Chris Barker
|
0-0: Called Strike 0-1: Ball 1-1: Foul Ball, location: 2F 1-2: Ball 2-2: Foul Ball, location: 2F 2-2: SINGLE (Flyball, 89S) Woody Stanley scores Carlos Hernández to second
|
Batting: RHB Jesús León
|
0-0: Ball 1-0: Ball 2-0: Foul Ball, location: 2F 2-1: Ball 3-1: Fly out, F9 (Line Drive, 9)
|
Batting: RHB Norm Gunn
|
0-0: Ball 1-0: Ball 2-0: Ball 3-0: Base on Balls Carlos Hernández to third Chris Barker to second
|
Batting: RHB Eric Green
|
0-0: Ball 1-0: Foul Ball, location: 2F 1-1: Fly out, F3 (Popup, 34)
|
Batting: LHB Ryan Washington
|
0-0: Called Strike 0-1: Ball 1-1: Ball 2-1: Single, Error in OF, E8, batter to second base Carlos Hernández scores Chris Barker scores Norm Gunn to third
|
Batting: LHB Dave Watkins
|
0-0: Ball 1-0: Called Strike 1-1: Foul Ball, location: 2F 1-2: Strikes out swinging
|
Top of the 3rd over - 3 run(s), 4 hit(s), 1 error(s), 2 left on base; Rutgers 5 - Florida State 0 |
BOTTOM OF THE 3RD |
Florida State Seminoles batting - Pitching for Rutgers Scarlet Knights : LHP Gary Fox
|
Batting: RHB Eugene Fisher
|
0-0: Ball 1-0: Ball 2-0: Ball 3-0: SINGLE (Groundball, 6D)
|
Batting: RHB Fred Burgess
|
0-0: Ball 1-0: Foul Ball, location: 2F 1-1: Fly out, F7 (Line Drive, 7)
|
Batting: LHB Jeff Stevens
|
0-0: Ball 1-0: Swinging Strike 1-1: Foul Ball, location: 2F 1-2: Foul Ball, location: 2F 1-2: Foul Ball, location: 2F 1-2: Strikes out swinging
|
Batting: RHB Lorenzo Cintrón
|
0-0: Called Strike 0-1: Ball 1-1: Swinging Strike 1-2: Ball 2-2: Ball 3-2: Ground out 5-3 (Groundball, 5L)
|
Bottom of the 3rd over - 0 run(s), 1 hit(s), 0 error(s), 1 left on base; Rutgers 5 - Florida State 0 |
TOP OF THE 4TH |
Rutgers Scarlet Knights batting - Pitching for Florida State Seminoles : RHP Roger Oliver
|
Batting: RHB Joe Roberts
|
0-0: DOUBLE (Line Drive, 7LM)
|
Pitching: LHP Juan Morán
|
|
Batting: SHB Woody Stanley
|
0-0: Ball 1-0: Ground out 1-3 (Groundball, 13) Joe Roberts to third
|
Batting: LHB Carlos Hernández
|
0-0: Foul Ball, location: 2F 0-1: Fly out, F8 (Flyball, 8RM)
|
Batting: RHB Chris Barker
|
0-0: Foul Ball, location: 2F 0-1: Swinging Strike 0-2: Ball 1-2: Ball 2-2: Ball 3-2: Foul Ball, location: 2F 3-2: Base on Balls
|
Batting: RHB Jesús León
|
0-0: Fly out, F9 (Flyball, 9S)
|
Top of the 4th over - 0 run(s), 1 hit(s), 0 error(s), 2 left on base; Rutgers 5 - Florida State 0 |
BOTTOM OF THE 4TH |
Florida State Seminoles batting - Pitching for Rutgers Scarlet Knights : LHP Gary Fox
|
Batting: RHB Quentin Underwood
|
0-0: Swinging Strike 0-1: Called Strike 0-2: Foul Ball, location: 2F 0-2: Foul Ball, location: 2F 0-2: Fly out, F8 (Line Drive, 8LM)
|
Batting: RHB Aaron Duncan
|
0-0: Called Strike 0-1: Fly out, F9 (Flyball, 9S)
|
Batting: LHB Paul Cotton
|
0-0: Foul Ball, location: 2F 0-1: Foul Ball, location: 2F 0-2: Strikes out looking
|
Bottom of the 4th over - 0 run(s), 0 hit(s), 0 error(s), 0 left on base; Rutgers 5 - Florida State 0 |
TOP OF THE 5TH |
Rutgers Scarlet Knights batting - Pitching for Florida State Seminoles : LHP Juan Morán
|
Batting: RHB Norm Gunn
|
0-0: Called Strike 0-1: Fly out, F9 (Flyball, 89S)
|
Batting: RHB Eric Green
|
0-0: Ball 1-0: Ball 2-0: SINGLE (Flyball, 9LS)
|
Batting: LHB Ryan Washington
|
0-0: Ball 1-0: Swinging Strike 1-1: Swinging Strike 1-2: Strikes out swinging
|
Batting: LHB Dave Watkins
|
0-0: Called Strike 0-1: Ball 1-1: Ball 2-1: Ball 3-1: Base on Balls Eric Green to second
|
Batting: RHB Joe Roberts
|
0-0: Foul Ball, location: 2F 0-1: Foul Ball, location: 2F 0-2: Fielders Choice at 2nd, 5-4 (Groundball, 56)
|
Top of the 5th over - 0 run(s), 1 hit(s), 0 error(s), 1 left on base; Rutgers 5 - Florida State 0 |
BOTTOM OF THE 5TH |
Florida State Seminoles batting - Pitching for Rutgers Scarlet Knights : LHP Gary Fox
|
Batting: RHB John Newman
|
0-0: Ball 1-0: Foul Ball, location: 2F 1-1: Ball 2-1: Ball 3-1: Swinging Strike 3-2: Strikes out swinging
|
Batting: RHB José Sosa
|
0-0: Ball 1-0: SINGLE (Line Drive, 4M)
|
Batting: RHB Eugene Fisher
|
0-0: Called Strike 0-1: Ball 1-1: Called Strike 1-2: Foul Ball, location: 2F 1-2: Strikes out swinging
|
Batting: RHB Fred Burgess
|
0-0: Fly out, F9 (Flyball, 9)
|
Bottom of the 5th over - 0 run(s), 1 hit(s), 0 error(s), 1 left on base; Rutgers 5 - Florida State 0 |
TOP OF THE 6TH |
Rutgers Scarlet Knights batting - Pitching for Florida State Seminoles : LHP Juan Morán
|
Batting: SHB Woody Stanley
|
0-0: SINGLE (Groundball, 34D)
|
Batting: LHB Carlos Hernández
|
0-0: Called Strike 0-1: Ball 1-1: Ball 2-1: Ball Pickoff Throw to First - Error! E1 Woody Stanley to second 3-1: Base on Balls
|
Batting: RHB Chris Barker
|
0-0: Ball 1-0: Called Strike 1-1: Ball 2-1: Foul Ball, location: 2F 2-2: Foul Ball, location: 2F 2-2: Ball 3-2: Strikes out swinging Carlos Hernández steals 2nd base Batter strikes out. Woody Stanley to third
|
Batting: RHB Jesús León
|
0-0: Ball 1-0: Ball 2-0: Swinging Strike 2-1: Ball 3-1: Base on Balls
|
Batting: RHB Norm Gunn
|
0-0: Swinging Strike 0-1: Ball 1-1: Ball 2-1: Ground out U3 (Groundball, 34S) Woody Stanley scores Carlos Hernández to third Jesús León to second
|
Batting: RHB Eric Green
|
0-0: Ball 1-0: Ball 2-0: Foul Ball, location: 2F 2-1: Ball 3-1: Base on Balls
|
Batting: LHB Ryan Washington
|
0-0: Ball 1-0: Foul Ball, location: 2F 1-1: Foul Ball, location: 2F 1-2: Ball 2-2: Foul Ball, location: 2F 2-2: Ball 3-2: Base on Balls Carlos Hernández scores Jesús León to third Eric Green to second
|
Batting: LHB Dave Watkins
|
0-0: Foul Ball, location: 2F 0-1: Called Strike 0-2: Ball 1-2: Ball 2-2: Ball 3-2: Strikes out swinging
|
Top of the 6th over - 2 run(s), 1 hit(s), 1 error(s), 3 left on base; Rutgers 7 - Florida State 0 |
BOTTOM OF THE 6TH |
Florida State Seminoles batting - Pitching for Rutgers Scarlet Knights : LHP Gary Fox
|
Batting: LHB Jeff Stevens
|
0-0: Ground out 4-3 (Groundball, 4MS)
|
Batting: RHB Lorenzo Cintrón
|
0-0: Called Strike 0-1: Called Strike 0-2: Strikes out swinging
|
Batting: RHB Quentin Underwood
|
0-0: SINGLE (Groundball, 6MD)
|
Batting: RHB Aaron Duncan
|
0-0: Ball 1-0: Ball 2-0: Ball 3-0: Called Strike 3-1: Foul Ball, location: 2F 3-2: Fly out, F9 (Flyball, 9S)
|
Bottom of the 6th over - 0 run(s), 1 hit(s), 0 error(s), 1 left on base; Rutgers 7 - Florida State 0 |
TOP OF THE 7TH |
Rutgers Scarlet Knights batting - Pitching for Florida State Seminoles : LHP Juan Morán
|
Pitching: RHP Erik Hale
|
|
Batting: RHB Joe Roberts
|
0-0: Ball 1-0: Foul Ball, location: 2F 1-1: Called Strike 1-2: Ball 2-2: Ground out 5-3 (Groundball, 56S)
|
Pitching: RHP Sergio Márquez
|
|
Batting: SHB Woody Stanley
|
0-0: Called Strike 0-1: Foul Ball, location: 2F 0-2: Ball 1-2: Ball 2-2: Strikes out swinging, 2-3 out at first.
|
Batting: LHB Carlos Hernández
|
0-0: Called Strike 0-1: Foul Ball, location: 2F 0-2: Foul Ball, location: 2F 0-2: Ball 1-2: Foul Ball, location: 2F 1-2: Strikes out swinging
|
Top of the 7th over - 0 run(s), 0 hit(s), 0 error(s), 0 left on base; Rutgers 7 - Florida State 0 |
BOTTOM OF THE 7TH |
Florida State Seminoles batting - Pitching for Rutgers Scarlet Knights : LHP Gary Fox
|
Batting: LHB Paul Cotton
|
0-0: Ball 1-0: Foul Ball, location: 2F 1-1: Ball 2-1: Fly out, F4 (Popup, 34D)
|
Batting: RHB John Newman
|
0-0: Called Strike 0-1: Ball 1-1: Ball 2-1: Fly out, F8 (Line Drive, 8LD)
|
Batting: RHB José Sosa
|
0-0: Foul Ball, location: 2F 0-1: Ground out 6-3 (Groundball, 6)
|
Bottom of the 7th over - 0 run(s), 0 hit(s), 0 error(s), 0 left on base; Rutgers 7 - Florida State 0 |
TOP OF THE 8TH |
Rutgers Scarlet Knights batting - Pitching for Florida State Seminoles : RHP Sergio Márquez
|
Batting: RHB Chris Barker
|
0-0: Ball 1-0: Called Strike 1-1: Ground out 1-3 (Groundball, 15S)
|
Batting: RHB Jesús León
|
0-0: Foul Ball, location: 2F 0-1: Swinging Strike 0-2: Ball 1-2: Ground out 6-3 (Groundball, 6)
|
Batting: RHB Norm Gunn
|
0-0: Ball 1-0: Foul Ball, location: 2F 1-1: SINGLE (Flyball, 3D)
|
Batting: RHB Eric Green
|
0-0: Ball 1-0: SINGLE (Flyball, 8RM) Norm Gunn to second
|
Batting: LHB Ryan Washington
|
0-0: Ground out U3 (Groundball, 3L)
|
Top of the 8th over - 0 run(s), 2 hit(s), 0 error(s), 2 left on base; Rutgers 7 - Florida State 0 |
BOTTOM OF THE 8TH |
Florida State Seminoles batting - Pitching for Rutgers Scarlet Knights : LHP Gary Fox
|
Pitching: RHP Tommy Holmes
|
|
Batting: RHB Eugene Fisher
|
0-0: Ball 1-0: Ball 2-0: Ball 3-0: Called Strike 3-1: Base on Balls
|
Batting: RHB Fred Burgess
|
0-0: Called Strike 0-1: Ball 1-1: Foul Ball, location: 2F 1-2: DOUBLE (Line Drive, 7LS) Eugene Fisher to third
|
Batting: LHB Jeff Stevens
|
0-0: Hit by Pitch
|
Batting: RHB Lorenzo Cintrón
|
0-0: Ball 1-0: GRAND SLAM HOME RUN (Flyball, 7D), Distance : 346 ft
|
Pitching: RHP Steven Lawson
|
|
Batting: RHB Quentin Underwood
|
0-0: Ball 1-0: Ball 2-0: Ball 3-0: Called Strike 3-1: Ground out 1-3 (Groundball, P)
|
Batting: RHB Aaron Duncan
|
0-0: Ball 1-0: Called Strike 1-1: Swinging Strike 1-2: Strikes out swinging
|
Batting: LHB Paul Cotton
|
0-0: Ball 1-0: Ball 2-0: Ball 3-0: Base on Balls
|
Batting: RHB John Newman
|
0-0: Ball 1-0: Called Strike 1-1: Fly out, F8 (Flyball, 78M)
|
Bottom of the 8th over - 4 run(s), 2 hit(s), 0 error(s), 1 left on base; Rutgers 7 - Florida State 4 |
TOP OF THE 9TH |
Rutgers Scarlet Knights batting - Pitching for Florida State Seminoles : RHP Sergio Márquez
|
Pitching: RHP A.C. Kinney
|
|
Batting: LHB Dave Watkins
|
0-0: Ball 1-0: Ball 2-0: Ball 3-0: Called Strike 3-1: Base on Balls
|
Batting: RHB Joe Roberts
|
0-0: Bunted foul 0-1: Bunted foul 0-2: DOUBLE (Groundball, 5L) Dave Watkins to third Runner from 3rd tries for Home, throw and OUT!
|
Batting: SHB Woody Stanley
|
0-0: Intentional Walk
|
Batting: LHB Carlos Hernández
|
0-0: Ball 1-0: SINGLE (Groundball, 4MD) Joe Roberts to third Woody Stanley to second Runner from 3rd tries for Home, SAFE, no throw
|
Batting: RHB Chris Barker
|
0-0: Called Strike 0-1: Fly out, F9 (Flyball, 9LSF)
|
Batting: RHB Jesús León
|
0-0: Ball 1-0: 3-RUN HOME RUN (Flyball, 89XD), Distance : 385 ft
|
Pitching: RHP Fernando Mata
|
|
Batting: RHB Norm Gunn
|
0-0: Ball 1-0: Ball 2-0: Fly out, F7 (Flyball, 78M)
|
Top of the 9th over - 4 run(s), 3 hit(s), 0 error(s), 0 left on base; Rutgers 11 - Florida State 4 |
BOTTOM OF THE 9TH |
Florida State Seminoles batting - Pitching for Rutgers Scarlet Knights : RHP Steven Lawson
|
Batting: RHB José Sosa
|
0-0: Ball 1-0: Ball 2-0: Called Strike 2-1: Swinging Strike 2-2: Ground out 1-3 (Groundball, 15S)
|
Batting: RHB Eugene Fisher
|
0-0: Called Strike 0-1: Foul Ball, location: 2F 0-2: Ball 1-2: Strikes out swinging
|
Batting: RHB Fred Burgess
|
0-0: Ball 1-0: Ball 2-0: Ball 3-0: Base on Balls
|
Pinch Hitting: RHB Rubén Hernández
|
0-0: Foul Ball, location: 2F 0-1: Called Strike 0-2: Ball 1-2: Strikes out swinging
|
Bottom of the 9th over - 0 run(s), 0 hit(s), 0 error(s), 1 left on base; Rutgers 11 - Florida State 4 |
|